 Dungeon Crawl Stone Soup version 0.28.0-53-g5a82cb258f (webtiles) character file.

Game seed: 324309093726250365

321 DocClef the Shield-Bearer (level 6, -3/53 HPs)
             Began as a Gnoll Fighter on June 29, 2022.
             Was an Initiate of Okawaru.
             Slain by a scorpion (8 damage)
             ... on level 4 of the Dungeon.
             The game lasted 00:02:59 (3241 turns).

DocClef the Shield-Bearer (Gnoll Fighter)           Turns: 3241, Time: 00:03:00

Health: -3/53      AC:  7    Str: 17    XL:     6   Next: 46%
Magic:  9/9        EV: 10    Int:  7    God:    Okawaru [......]
Gold:   64         SH:  5    Dex: 12    Spells: 9/9 levels left

rFire   + . .      SeeInvis .   p - +3 dagger (elec)
rCold   . . .      Faith    .   c - +0 buckler
rNeg    . . .      Spirit   .   g - +0 ring mail {rF+}
rPois   .          Reflect  .   n - +0 helmet
rElec   .          Harm     .   (no cloak)
rCorr   .          Rampage  .   (no gloves)
Will    .....                   (no boots)
Stlth   +.........              (no amulet)
HPRegen 0.17/turn               (no ring)
MPRegen 0.11/turn               (no ring)

@: no status effects
A: fangs 1, strong nose, distributed training
a: Renounce Religion


You were on level 4 of the Dungeon.
You worshipped Okawaru.
Okawaru was noncommittal.
You visited 2 branches of the dungeon, and saw 5 of its levels.

You collected 64 gold pieces.

Inventory:

Hand Weapons
 k - a +2 dagger of speed
 p - a +3 dagger of electrocution (weapon)
 q - a +0 morningstar
Missiles
 r - a throwing net (quivered)
Armour
 c - a +0 buckler (worn)
 g - a +0 ring mail of fire resistance (worn)
 n - a +0 helmet (worn)
Wands
 o - a wand of iceblast (4)
Scrolls
 e - 3 scrolls of teleportation {unknown}
 f - a scroll of vulnerability {unknown}
 h - a scroll of noise {unknown}
 m - a scroll of enchant armour {unknown}
Potions
 d - a potion of might
 i - a potion of berserk rage {unknown}
 j - a potion of heal wounds {unknown}
 l - a potion of flight {unknown}


   Skills:
 + Level 6.8 Fighting
 + Level 2.0 Short Blades
 + Level 2.0 Long Blades
 + Level 2.0 Axes
 + Level 5.0 Maces & Flails
 + Level 2.0 Polearms
 + Level 2.0 Staves
 + Level 2.0 Slings
 + Level 2.0 Bows
 + Level 2.0 Crossbows
 + Level 2.0 Throwing
 + Level 6.8 Armour
 + Level 2.0 Dodging
 + Level 2.0 Stealth
 + Level 6.8 Shields
 + Level 2.0 Unarmed Combat
 + Level 2.0 Spellcasting
 + Level 1.5 Conjurations
 + Level 1.5 Hexes
 + Level 1.5 Summonings
 + Level 1.5 Necromancy
 + Level 1.5 Translocations
 + Level 1.5 Transmutations
 + Level 1.5 Fire Magic
 + Level 1.5 Ice Magic
 + Level 1.5 Air Magic
 + Level 1.5 Earth Magic
 + Level 1.5 Poison Magic
 + Level 2.2 Invocations
 + Level 2.0 Evocations


You had 9 spell levels left.
You didn't know any spells.
Your spell library was empty.

Dungeon Overview and Level Annotations

Branches:
Dungeon (4/15)             Temple (1/1) D:4

Altars:
Ashenzari
Gozag
Hepliaklqana
Kikubaaqudgha
Makhleb
Okawaru
Qazlal
Ru
Trog
Wu Jian
Xom
Yredelemnul
Zin
The Shining One

Portals:
Ossuary: D:4


Innate Abilities, Weirdness & Mutations

You have very sharp teeth.
Your uncanny sense of smell can sniff out nearby items.
Your experience applies equally to all skills.


Message History

The scorpion poisons you!
You barely miss the scorpion.
The scorpion is moderately wounded.
You feel very sick.
The scorpion stings you but does no damage.
You hit the scorpion but do no damage.
The scorpion is moderately wounded.
You feel sick. The scorpion barely misses you.
You closely miss the scorpion.
The scorpion is moderately wounded.
You feel sick. The scorpion stings you!
You hit the scorpion.
The scorpion is heavily wounded.
You feel sick. The scorpion stings you!
* * * LOW HITPOINT WARNING * * *
You closely miss the scorpion.
The scorpion is heavily wounded.
You feel sick. The scorpion barely misses you.
The scorpion stings you but does no damage.
Unknown command.
You hit the scorpion but do no damage.
The scorpion is heavily wounded.
You feel sick. The scorpion completely misses you.
You closely miss the scorpion. Your bite misses the scorpion.
The scorpion is heavily wounded.
You feel sick. You block the scorpion's attack.
You closely miss the scorpion.
You bite the scorpion, but do no damage.
The scorpion is heavily wounded.
You feel sick. The scorpion closely misses you.
You barely miss the scorpion.
The scorpion is heavily wounded.
You feel sick.
You are no longer poisoned.
You block the scorpion's attack.
Unknown command.
You hit the scorpion.
The scorpion is heavily wounded.
The scorpion stings you!
You die...

#.#.#.....+...............#,,,,,*
#.#.#.....#...............#,,,,,*
.#.#......#................,,,,,*
#..#......#.####......#..#,,,,,,*
..#.....###.####.........#.*,,,,,
##......#...#..........∩...*,,,,,
........#...#..............*,,,,,
........+...#........##..#.*,,,,,
........#...#...@s.........*,,,,,
........#'#########...#..##*,,,,,
#####........#,,,*#..##,.# ******
#,,,#....)...#,,,,....!,,#
#,,,#.....)).#,,,,......,*
#,,,#..[.....#,,,,,......*
#,,,#........#,,,,,,,....*
*,,,+........#,,,,,,,,,,,*
*,,,#........#,,,**,,,**,*


You could see a scorpion.

Vanquished Creatures
  An orc warrior (D:4)
  An orc wizard (D:4)
  5 adders
  3 gnolls (D:3)
  An adder skeleton (D:4)
  A worm (D:4)
  4 dart slugs
  9 orcs
  5 bats
  4 endoplasms
  3 giant cockroaches
  4 goblins
  6 hobgoblins
  12 jackals
  4 quokkas
  8 ball pythons
  7 frilled lizards
  7 kobolds
  23 rats
108 creatures vanquished.

Notes
Turn   | Place    | Note
-------+----------+-------------------------------------------
     0 | D:1      | DocClef the Gnoll Fighter began the quest for the Orb.
     0 | D:1      | Reached XP level 1. HP: 23/23 MP: 1/1
   221 | D:1      | Reached XP level 2. HP: 29/29 MP: 2/2
   518 | D:1      | Reached XP level 3. HP: 33/35 MP: 3/3
   627 | D:1      | Found a faded altar of an unknown god.
   753 | D:1      | Reached skill level 1 in Invocations
  1043 | D:2      | Reached skill level 1 in Short Blades
  1043 | D:2      | Reached skill level 1 in Long Blades
  1043 | D:2      | Reached skill level 1 in Axes
  1043 | D:2      | Reached skill level 1 in Polearms
  1043 | D:2      | Reached skill level 1 in Staves
  1043 | D:2      | Reached skill level 1 in Slings
  1043 | D:2      | Reached skill level 1 in Bows
  1043 | D:2      | Reached skill level 1 in Crossbows
  1043 | D:2      | Reached skill level 1 in Throwing
  1043 | D:2      | Reached skill level 1 in Dodging
  1043 | D:2      | Reached skill level 1 in Stealth
  1043 | D:2      | Reached skill level 1 in Unarmed Combat
  1043 | D:2      | Reached skill level 1 in Spellcasting
  1043 | D:2      | Reached skill level 1 in Evocations
  1068 | D:2      | Reached XP level 4. HP: 34/41 MP: 5/5
  1446 | D:2      | Reached skill level 1 in Conjurations
  1446 | D:2      | Reached skill level 1 in Hexes
  1446 | D:2      | Reached skill level 1 in Summonings
  1446 | D:2      | Reached skill level 1 in Necromancy
  1446 | D:2      | Reached skill level 1 in Translocations
  1446 | D:2      | Reached skill level 1 in Transmutations
  1446 | D:2      | Reached skill level 1 in Fire Magic
  1446 | D:2      | Reached skill level 1 in Ice Magic
  1446 | D:2      | Reached skill level 1 in Air Magic
  1446 | D:2      | Reached skill level 1 in Earth Magic
  1446 | D:2      | Reached skill level 1 in Poison Magic
  1777 | D:2      | Reached XP level 5. HP: 47/47 MP: 6/6
  2908 | D:4      | Found a staircase to the Ecumenical Temple.
  2912 | Temple   | Entered the Ecumenical Temple
  3120 | Temple   | Became a worshipper of Warmaster Okawaru
  3158 | D:4      | Noticed an orc warrior
  3166 | D:4      | Killed an orc warrior
  3167 | D:4      | Reached XP level 6. HP: 30/53 MP: 8/8
  3168 | D:4      | Reached skill level 5 in Maces & Flails
  3222 | D:4      | Found a sand-covered staircase.
  3228 | D:4      | Identified the +3 whip of Arrival {vorpal, rF- rC+ Int+2
                  | Dex+3}
  3241 | D:4      | Slain by a scorpion

Illustrated notes

Levels and vault maps discovered:
D:1:      shiori_shiawase, layout_basic,
          dreamdust_ecumenical_altar_hidden_monk_grotto
D:2:      layout_rooms, grunt_decor_fettered, minivault_19, hex_medium,
          minmay_misc_feat_rugged, minmay_rat_hole
D:3:      layout_basic
D:4:      layout_gridville, minmay_temple_entry_steel_oval,
          nicolae_ossuary_entry_ruins
Temple:   mainiacjoe_temple_cubbyholes

Skill      XL: |  1  2  3  4  5  6 |
---------------+-------------------+-----
Invocations    | 1 2 |  2.2
Short Blades   | 1 2 |  2.0
Long Blades    | 1 2 |  2.0
Axes           | 1 2 |  2.0
Polearms       | 1 2 |  2.0
Staves         | 1 2 |  2.0
Slings         | 1 2 |  2.0
Bows           | 1 2 |  2.0
Crossbows      | 1 2 |  2.0
Throwing       | 1 2 |  2.0
Dodging        | 1 2 |  2.0
Stealth        | 1 2 |  2.0
Unarmed Combat | 1 2 |  2.0
Spellcasting   | 1 2 |  2.0
Evocations     | 1 2 |  2.0
Conjurations   | 1 |  1.5
Hexes          | 1 |  1.5
Summonings     | 1 |  1.5
Necromancy     | 1 |  1.5
Translocations | 1 |  1.5
Transmutations | 1 |  1.5
Fire Magic     | 1 |  1.5
Ice Magic      | 1 |  1.5
Air Magic      | 1 |  1.5
Earth Magic    | 1 |  1.5
Poison Magic   | 1 |  1.5
Maces & Flails | 5 |  5.0
Fighting       | |  6.8
Armour         | |  6.8
Shields        | |  6.8

Action                   |  1- 3 |  4- 6 || total
-------------------------+-------+-------++-------
Melee: Flail             |   106 |       ||   106
       Bite              |     9 |    17 ||    26
       Dagger            |    51 |   190 ||   241
  Use: Scroll            |       |     2 ||     2
Armor: Scale mail        |    20 |       ||    20
       Ring mail         |    52 |    55 ||   107
Dodge: Dodged            |    75 |    91 ||   166
Block: Buckler           |    41 |    54 ||    95
